 Dungeon Crawl Stone Soup version 0.29.1-2-gbd0b4ee654 (webtiles) character file.

Game seed: 4804257326792362491

639 hawla the Firebug (level 8, -2/88 HPs)
             Began as a Meteoran Fire Elementalist on Nov 8, 2022.
             Slain by Duvessa
             ... wielding a +0 rapier
              (10 damage)
             ... on level 4 of the Dungeon.
             The game lasted 00:12:14 (1975 turns).

hawla the Firebug (Meteoran Fire Elementalist)      Turns: 1975, Time: 00:12:15

Health: -2/88      AC: 24    Str:  9    XL:     8   Next: 8%
Magic:  4/18       EV:  2    Int: 20    God:
Gold:   123        SH:  0    Dex: 14    Spells: 12/19 levels left

rFire   . . .      SeeInvis .   (no weapon)
rCold   + . .      Faith    .   (no shield)
rNeg    . . .      Spirit   .   (body armour currently unavailable)
rPois   +          Reflect  .   (helmet currently unavailable)
rElec   .          Harm     .   (cloak currently unavailable)
rCorr   .          Rampage  .   (gloves currently unavailable)
Will    +....      NoTele   +   (boots currently unavailable)
Stlth   +.........              (no amulet)
HPRegen 0.24/turn               e - ring of protection from cold
MPRegen 0.16/turn               (no ring)

@: tree-form, very slightly contaminated, glowing, invisible (but backlit and
visible)
A: stationary, stasis, torment immunity, boosted hp, sense surroundings 1,
otherworldly, glowing, explore regen
a: no special abilities


You were on level 4 of the Dungeon.
You were a tree.
You visited 1 branch of the dungeon, and saw 4 of its levels.

You collected 253 gold pieces.
You spent 130 gold pieces at shops.

Inventory:

Armour
 a - a +0 robe (melded)
 l - a +0 pair of boots (melded)
Jewellery
 e - a ring of protection from cold (left branch)
 n - a ring of protection from cold
 x - a ring of flight
Scrolls
 m - 4 scrolls of identify
 p - a scroll of immolation {unknown}
 q - 3 scrolls of poison {unknown}
 r - a scroll of enchant armour {unknown}
 s - a scroll of summoning {unknown}
 u - 2 scrolls of fear
 v - a scroll of fog
 w - a scroll of teleportation
 y - a scroll of enchant weapon
Potions
 b - 2 potions of magic
 c - a potion of invisibility
 d - a potion of lignification
 f - a potion of ambrosia {unknown}
 h - a potion of curing {unknown}
 i - a potion of resistance {unknown}
 j - 5 potions of degeneration {unknown}
 k - a potion of haste {unknown}
 t - 2 potions of heal wounds {unknown}


   Skills:
 + Level 1.5 Fighting
 + Level 3.8 Dodging
 - Level 1.4 Stealth
 + Level 6.0 Spellcasting
 + Level 2.8 Conjurations
 + Level 7.2 Fire Magic


You had 12 spell levels left.
You knew the following spells:

 Your Spells              Type           Power      Damage    Failure   Level
a - Foxfire               Conj/Fire      100%       2x1d9     1%          1
b - Scorch                Fire           68%        2d8       1%          2
c - Flame Wave            Conj/Fire      26%        2d8       13%         4

Your spell library contained the following spells:

 Spells                   Type           Power      Damage    Failure   Level
 Conjure Flame            Conj/Fire      26%        6-21      4%          3
 Shock                    Conj/Air       44%        1d5       6%          1
 Inner Flame              Hex/Fire       20%        N/A       7%          3
 Beastly Appendage        Tmut           12%        N/A       11%         1
 Wereblood                Tmut           6%         N/A       16%         2
 Call Canine Familiar     Summ           6%         N/A       30%         3
 Portal Projectile        Hex/Tloc       12%        N/A       30%         3
 Spider Form              Tmut/Pois      6%         N/A       30%         3
 Swiftness                Air            6%         N/A       30%         3
 Airstrike                Air            3%         2d(1-17)  71%         4
 Leda's Liquefaction      Hex/Erth       3%         N/A       71%         4


Dungeon Overview and Level Annotations

Branches:
Dungeon (4/15) Zot: 415    Temple (0/1) D:4

Altars:
Kikubaaqudgha
Uskayaw
Wu Jian
Yredelemnul
Zin

Shops:
D:2 *[   D:3 ?

Annotations:
D:4 2 transporters, Duvessa, Menkaure


Innate Abilities, Weirdness & Mutations

You are a tree.
Your roots penetrate the ground, keeping you stationary.
You cannot be teleported.
You are immune to unholy pain and torment.
Your maximum health is greatly increased.
Your equipment is partially melded.
You passively map a small area around you.
You are easily found by Zot.
You glow in the dark.
You regain HP and MP as you explore.


Message History

Confirm with . or Enter, or press ? or * to list all spells.
Casting: Flame Wave (dangerous; 13% risk of failure)
Press: ? - help, Dir - look around, f - activate A wave of flame ripples out!
The flame wave engulfs Duvessa.
Duvessa is burned terribly!
Duvessa is moderately wounded. (Press . to intensify the flame waves.) Duvessa hits you with a +0 rapier.
Duvessa closely misses you.
A wave of flame ripples out!
The flame wave engulfs Duvessa!
Duvessa is burned terribly!
Duvessa is heavily wounded.
Duvessa hits you with a +0 rapier.
A wave of flame ripples out!
The flame wave engulfs Duvessa!
Duvessa is burned terribly!
Duvessa is heavily wounded.
You finish channelling waves of flame.
Duvessa is no longer more vulnerable to fire.
Duvessa hits you with a +0 rapier. Duvessa hits you with a +0 rapier!
Casting: Flame Wave (dangerous; 13% risk of failure)
Confirm with . or Enter, or press ? or * to list all spells.
You miscast Scorch.
You are very lightly contaminated with residual magic.
Nothing appears to happen.
Duvessa completely misses you.
Unknown command.
Casting: Scorch (safe; 1% risk of failure)
Confirm with . or Enter, or press ? or * to list all spells.
Flames lash Duvessa.
Duvessa is severely wounded.
Duvessa's fire resistance burns away.
Duvessa hits you with a +0 rapier!
* * * LOW HITPOINT WARNING * * *
Duvessa barely misses you.
It was a potion of invisibility.
You become transparent, but the glow from your body prevents you from becoming completely invisible.
Duvessa hits you with a +0 rapier!
* * * LOW HITPOINT WARNING * * *
It was a potion of lignification.
You turn into a tree.
Your +0 pair of boots melds into your body.
Your +0 robe melds into your body.
Your roots penetrate the ground.
Duvessa hits you with a +0 rapier!
You die...

#..##..............e..<.[...#
*,,
#.....#.#.#.#.#.#.#.#.#.#...#
***
#..##....#...............#..#
#..##.#.#.#...#.#.#...#..#..#
#..............#.........#..#
#...#.#.#.....#.#..#.###.#,.#
#.............(.)....##.#.,,*
#..##.#.......#...÷###.#*#.,*
#..##..........e♣.....#*
**,** #.###.#.#.#.#........##
**,* #.# #....#........###.#*
**,** #.# #.#.#.#.##.#.##
*#.#**,,* ..# #.......##.#.#
*#.#,*,* ..###.#.#..###.#.#
*#.#*,* .......(...# #.#.#
*##*,* * ....#.#..#.# #.#.#
******* #...#......# #.#.#
******,,*


You could see Duvessa (berserk, combustible).

Vanquished Creatures
  Grinder (D:3)
  Sigmund (D:4)
  Dowan (D:4)
  An iguana (D:4)
  Natasha (thrice) (D:3)
  Terence (D:3)
  2 adders (D:4)
  An ufetubus (D:4)
  2 worms (D:2)
  A dart slug (D:2)
  3 orcs (D:4)
  7 ball pythons
  5 bats
  8 endoplasms
  3 giant cockroaches
  6 goblins
  8 hobgoblins
  A quokka (D:1)
  4 frilled lizards
  5 kobolds
  6 rats
70 creatures vanquished.

Vanquished Creatures (others)
  120 foxfires
120 creatures vanquished.

Grand Total: 190 creatures vanquished

Notes
Turn   | Place    | Note
-------+----------+-------------------------------------------
     0 | D:1      | hawla the Meteoran Fire Elementalist began the quest for
                  | the Orb.
     0 | D:1      | Reached XP level 1. HP: 14/14 MP: 5/5
   112 | D:1      | Reached XP level 2. HP: 19/20 MP: 2/6
   113 | D:1      | Reached skill level 4 in Fire Magic
   151 | D:1      | Learned a level 2 spell: Scorch
   352 | D:1      | Reached XP level 3. HP: 26/26 MP: 6/8
   493 | D:1      | Glimpsed the power of Zot.
   936 | D:2      | Found Esonair's Assorted Antiques.
   996 | D:2      | Found Gegeih's Antique Armour Emporium.
  1016 | D:2      | Reached XP level 4. HP: 34/34 MP: 4/9
  1094 | D:2      | Glimpsed the power of Zot.
  1141 | D:3      | Noticed Grinder
  1147 | D:3      | Killed Grinder
  1148 | D:3      | Reached skill level 1 in Fighting
  1148 | D:3      | Reached skill level 5 in Fire Magic
  1148 | D:3      | Reached XP level 5. HP: 26/40 MP: 0/12
  1148 | D:3      | Reached XP level 6. HP: 31/47 MP: 0/13
  1196 | D:3      | Noticed Natasha
  1199 | D:3      | Killed Natasha
  1200 | D:3      | Reached skill level 6 in Fire Magic
  1252 | D:3      | Found a faded altar of an unknown god.
  1341 | D:3      | Found a glowing silver altar of Zin.
  1341 | D:3      | Found a hide-covered altar of Uskayaw.
  1350 | D:3      | Noticed Natasha
  1351 | D:3      | Noticed Terence
  1366 | D:3      | Killed Natasha
  1367 | D:3      | Reached XP level 7. HP: 29/52 MP: 2/15
  1380 | D:3      | Killed Terence
  1381 | D:3      | Reached skill level 5 in Spellcasting
  1403 | D:3      | Found Wenuostru's Magic Scroll Emporium.
  1412 | D:3      | Bought a scroll of fog for 40 gold pieces
  1412 | D:3      | Bought a scroll of teleportation for 30 gold pieces
  1412 | D:3      | Bought a scroll of fear for 40 gold pieces
  1412 | D:3      | Bought a scroll of identify for 20 gold pieces
  1478 | D:3      | Noticed Natasha
  1484 | D:3      | Killed Natasha
  1492 | D:3      | Found an ornate altar of the Wu Jian Council.
  1534 | D:4      | Found a transporter.
  1611 | D:4      | Found a staircase to the Ecumenical Temple.
  1619 | D:4      | Noticed Sigmund
  1624 | D:4      | Killed Sigmund
  1663 | D:4      | Noticed Duvessa
  1663 | D:4      | Noticed Dowan
  1747 | D:3      | Learned a level 4 spell: Flame Wave
  1752 | D:4      | Killed Dowan
  1753 | D:4      | Reached skill level 7 in Fire Magic
  1753 | D:4      | Reached XP level 8. HP: 43/59 MP: 8/18
  1800 | D:4      | Found a transporter.
  1800 | D:4      | Found a basalt altar of Yredelemnul.
  1822 | D:4      | Noticed Menkaure
  1825 | D:4      | Found an ancient bone altar of Kikubaaqudgha.
  1975 | D:4      | Slain by Duvessa

Illustrated notes

Levels and vault maps discovered:
D:1:      zaba_arrival_water, layout_loops_ring
D:2:      layout_basic, serial_shops, nicolae_shop_overgrown_old_shop, shop,
          minmay_joined_circles
D:3:      layout_rooms, chequers_temple_overflow_statue_of_worship,
          nzn_wu_jian_council_hall, ebering_ecumenical_altar_abandoned,
          serial_shops, nicolae_lakefront_shop, uniq_natasha, uniq_terence,
          uniq_grinder
D:4:      layout_loops_ring, gammafunk_temple_of_torment, led_sif_book,
          minmay_temple_entry_offerings, hangedman_decor_riveting,
          minmay_starry_boxes, uniq_duvessa, uniq_menkaure, uniq_sigmund

Skill      XL: |  1  2  3  4  5  6  7 |
---------------+----------------------+-----
Fire Magic     | 4 5 6 7 |  7.2
Dodging        | 3 |  3.8
Fighting       | 1 |  1.5
Spellcasting   | 4 6 |  6.0
Conjurations   | 2 |  2.8
Stealth        | |  1.4

Action                   |  1- 3 |  4- 6 |  7- 9 || total
-------------------------+-------+-------+-------++-------
Melee: Unarmed           |    20 |     6 |     6 ||    32
 Cast: Foxfire           |    42 |    17 |    14 ||    73
       Scorch            |     8 |    15 |    22 ||    45
       Flame Wave        |       |       |     2 ||     2
  Use: Scroll            |       |     3 |     2 ||     5
       Potion            |       |       |     2 ||     2
Armor: Robe              |    27 |     5 |     4 ||    36
Dodge: Dodged            |    35 |    13 |    13 ||    61
